 Dungeon Crawl Stone Soup version 0.28-a0-1594-ga885d4b3d6 (webtiles) character file.

Game seed: 192049977743954608

96 kae the Insei (level 4, -9/36 HPs)
             Began as a Draconian Transmuter on Jan 20, 2022.
             Killed by nerve-wracking pain
             ... invoked by an orc priest
              (12 damage)
             ... on level 3 of the Dungeon.
             The game lasted 00:01:31 (2354 turns).

kae the Insei (Draconian Transmuter)                Turns: 2354, Time: 00:01:31

Health: -9/36      AC:  2    Str: 12    XL:     4   Next: 41%
Magic:  5/7        EV: 19    Int: 15    God:
Gold:   125        SH:  0    Dex: 17    Spells: 3/7 levels left

rFire   . . .      SeeInvis .     - Unarmed
rCold   . . .      Faith    .   (shield currently unavailable)
rNeg    . . .      Spirit   .   (armour unavailable)
rPois   x          Reflect  .   (helmet currently unavailable)
rElec   .          Harm     .   (cloak currently unavailable)
rCorr   .          Rampage  .   (gloves currently unavailable)
Will    .....                   (boots currently unavailable)
Stlth   ++........              (no amulet)
HPRegen 0.12/turn               (no ring)
MPRegen 0.10/turn               (no ring)

@: spider-form (expiring)
A: venomous fangs, AC +5, tiny, unfitting armour, (cold-blooded)
a: End Transformation


You were on level 3 of the Dungeon.
You were a venomous arachnid creature.
You visited 1 branch of the dungeon, and saw 3 of its levels.

You collected 125 gold pieces.

Inventory:

Missiles
 f - 2 throwing nets
Armour
 c - the +0 hat of the Trilobite (melded) {Will++}
   (You acquired it on level 2 of the Dungeon)

   Will:      It greatly increases your willpower.
Jewellery
 a - a ring of fire
Scrolls
 b - 2 scrolls of vulnerability
 e - a scroll of acquirement
 g - a scroll of identify
Potions
 d - a potion of curing


   Skills:
 + Level 1.8 Fighting
 + Level 2.2 Dodging
 * Level 3.6 Unarmed Combat
 + Level 2.3 Spellcasting
 * Level 3.0 Transmutations
 * Level 1.0 Poison Magic


You had 3 spell levels left.
You knew the following spells:

 Your Spells              Type           Power      Damage    Failure   Level
a - Beastly Appendage     Tmut           20%        N/A       17%         1
b - Spider Form           Tmut/Pois      7%         N/A       50%         3

Your spell library contained the following spells:

 Spells                   Type           Power      Damage    Failure   Level
 Wereblood                Tmut           10%        N/A       24%         2
 Poisonous Vapours        Pois/Air       6%         N/A       47%         2
 Corpse Rot               Necr/Air       2%         N/A       54%         2
 Ice Form                 Ice/Tmut       6%         N/A       89%         4


Dungeon Overview and Level Annotations

Branches:
Dungeon (3/15)

Altars:


Innate Abilities, Weirdness & Mutations

You are a venomous arachnid creature.
You have poisonous fangs.
You are tiny and dextrous.
Your spellcasting is less reliable in this form.
Your armour is entirely melded.
You are incapable of wielding weapons or throwing items.
((Your plain brown scales are hard. (AC +5)))
You cannot fit into any form of body armour.
((You are cold-blooded and may be slowed by cold attacks.))


Message History

You hit the orc priest but do no damage.
The orc priest looks as sick as possible!
The orc priest barely misses you.
You hit the orc priest but do no damage.
The orc priest looks as sick as possible!
The orc priest is lightly wounded.
The orc priest hits you with a +0 trident.
You barely miss the orc priest.
The orc priest is moderately wounded.
The orc priest completely misses you.
You hit the orc priest.
The orc priest is moderately wounded.
The orc priest calls down the wrath of Beogh upon you.
Pain shoots through your body! The frilled lizard misses you.
You hit the orc priest but do no damage.
The orc priest is heavily wounded.
Your transformation is almost over.
The orc priest barely misses you. The frilled lizard misses you.
You barely miss the orc priest.
The orc priest is severely wounded.
The orc priest misses you. The frilled lizard closely misses you.
You barely miss the orc priest.
The orc priest is severely wounded.
The orc priest closely misses you. The frilled lizard closely misses you.
You hit the orc priest but do no damage.
The orc priest looks as sick as possible!
The orc priest is severely wounded.
The orc priest closely misses you. The frilled lizard bites you.
You barely miss the orc priest.
The orc priest is almost dead.
The orc priest mumbles some strange prayers to Beogh against you.
Pain shoots through your body!
* * * LOW HITPOINT WARNING * * *
The frilled lizard closely misses you.
You hit the orc priest but do no damage.
The orc priest looks as sick as possible!
The orc priest is almost dead.
The orc priest calls down the wrath of Beogh upon you.
Pain shoots through your body!
You die...

## ## ##. .. ..
.##. #.#.##. #...
#. #lo# #.#
#.s###.## #.......#
#######
##..###.#####......
#..#............##
#..#.#.#####.##(##
#....#.# #.##...
##.....# #.#####
####### #.#####
#......


You could see an orc priest (extremely poisoned) and a frilled lizard.

Vanquished Creatures
  4 gnolls (D:3)
  2 adders
  2 worms (D:3)
  4 ball pythons
  2 bats
  2 endoplasms (D:2)
  2 giant cockroaches (D:2)
  3 goblins
  4 hobgoblins
  A quokka (D:2)
  3 frilled lizards
  4 kobolds
  5 rats
38 creatures vanquished.

Notes
Turn   | Place    | Note
-------+----------+-------------------------------------------
     0 | D:1      | kae the Draconian Transmuter began the quest for the Orb.
     0 | D:1      | Reached XP level 1. HP: 16/16 MP: 3/3
   554 | D:1      | Reached XP level 2. HP: 23/23 MP: 3/5
  1539 | D:2      | Reached XP level 3. HP: 28/28 MP: 4/6
  1543 | D:2      | Learned a level 3 spell: Spider Form
  1603 | D:2      | Identified a scroll of acquirement
  1603 | D:2      | Acquired the +0 hat of the Trilobite {Will++}
  2062 | D:3      | Reached XP level 4. HP: 35/36 MP: 3/7
  2077 | D:3      | Reached skill level 1 in Poison Magic
  2354 | D:3      | Killed from afar by an orc priest

Illustrated notes

Levels and vault maps discovered:
D:1:      giann_forest_graveyard, layout_basic
D:2:      layout_rooms, minivault_14, minmay_tetromino_t4
D:3:      layout_loops_cross, chequers_decorated_corner, cheibrodos_gnoll_hut

Skill      XL: |  1  2  3  4 |
---------------+-------------+-----
Dodging        | 2 |  2.2
Transmutations | 3 |  3.0
Poison Magic   | 1 |  1.0
Fighting       | |  1.8
Unarmed Combat | |  3.6
Spellcasting   | |  2.3

Action                   |  1- 3 |  4- 6 || total
-------------------------+-------+-------++-------
Melee: Unarmed           |    93 |    28 ||   121
       Kick              |    10 |     1 ||    11
       Headbutt          |     8 |       ||     8
       Tailslap          |     5 |     2 ||     7
       Punch             |     1 |       ||     1
 Cast: Beastly Appendage |    24 |     1 ||    25
       Spider Form       |     1 |     1 ||     2
  Use: Scroll            |     6 |       ||     6
Armor: Skin              |    27 |     4 ||    31
Dodge: Dodged            |    72 |    16 ||    88

Table legend: (Time is in decaauts)
 A = Elapsed time spent in this place.
 B = Non-inter-level travel time spent in this place.
 C = Inter-level travel time spent in this place.
 D = Time resting spent in this place.
 E = Time spent auto-exploring this place.
 F = Levels seen in this place.
 G = Mean time per level.
                   A        B        C        D        E       F      G
               +--------+--------+--------+--------+--------+-----+--------+
         Total |   2346 |   2314 |     32 |     45 |   1952 |   3 |  782.0 |
       Dungeon |   2346 |   2314 |     32 |     45 |   1952 |   3 |  782.0 |
               +--------+--------+--------+--------+--------+-----+--------+

Top non-repeatable levels by time:
     D:2: 816 daAuts
     D:1: 806 daAuts
     D:3: 724 daAuts
